 Dungeon Crawl Stone Soup version 0.28.0-43-g3370ac3207 (webtiles) character file.

Game seed: 2736642419111223402

3596 funkygono the Carver (level 9, 0/79 HPs)
             Began as a Minotaur Gladiator on Mar 7, 2022.
             Slain by a water moccasin (8 damage)
             ... on level 6 of the Dungeon.
             The game lasted 00:09:10 (7237 turns).

funkygono the Carver (Minotaur Gladiator)           Turns: 7237, Time: 00:09:11

Health: 0/79       AC:  9    Str: 23    XL:     9   Next: 85%
Magic:  17/17      EV: 11    Int:  5    God:
Gold:   367        SH:  4    Dex: 12    Spells: 8/8 levels left

rFire   + . .      SeeInvis .   a - +0 long sword (drain)
rCold   x . .      Faith    .   t - +0 buckler
rNeg    . . .      Spirit   .   r - +0 scale mail
rPois   .          Reflect  .   c - +1 hat
rElec   .          Harm     .   (no cloak)
rCorr   .          Rampage  .   (no gloves)
Will    .....                   (no boots)
Stlth   ..........              (no amulet)
HPRegen 0.23/turn               n - ring of fire
MPRegen 0.15/turn               u - ring of magical power

@: no status effects
A: horns 2, retaliatory headbutt
a: no special abilities


You were on level 6 of the Dungeon.
You visited 1 branch of the dungeon, and saw 6 of its levels.

You collected 367 gold pieces.

Inventory:

Hand Weapons
 a - a +0 long sword of draining (weapon)
 o - a +0 flail of protection
 v - a +1 whip of electrocution
 y - a +1 dire flail of protection
Missiles
 j - 139 stones (quivered)
 q - 11 poisoned darts
 s - 2 boomerangs
Armour
 c - a +1 hat (worn)
 e - a +2 robe of willpower
 m - a +2 leather armour of cold resistance
 r - a +0 scale mail (worn)
 t - a +0 buckler (worn)
 w - a +2 robe of fire resistance
Magical Staves
 l - a staff of earth
Jewellery
 n - a ring of fire (left hand)
 u - a ring of magical power (right hand)
Wands
 i - a wand of paralysis (12)
 x - a wand of flame (1)
 A - a wand of acid (7)
Scrolls
 f - a scroll of silence
 h - 6 scrolls of teleportation
 B - a scroll of amnesia {unknown}
 C - a scroll of enchant weapon {unknown}
Potions
 b - 2 potions of curing
 d - a potion of haste
 g - 2 potions of mutation {unknown}
 k - 2 potions of flight
 p - a potion of might {unknown}
 z - a potion of ambrosia {unknown}


   Skills:
 + Level 7.0 Fighting
 + Level 10.8 Long Blades
 + Level 4.8 Throwing
 + Level 8.2 Armour
 + Level 5.5 Dodging
 + Level 1.7 Stealth
 + Level 2.7 Shields
 + Level 0.2 Evocations


You had 8 spell levels left.
You didn't know any spells.
Your spell library contained the following spells:

 Spells                   Type           Power      Damage    Failure   Level
 Animate Skeleton         Necr           0%         N/A       85%         1
 Apportation              Tloc           0%         N/A       85%         1
 Slow                     Hex            0%         N/A       85%         1
 Summon Small Mammal      Summ           0%         N/A       85%         1


Dungeon Overview and Level Annotations

Branches:
Dungeon (6/15)
 Temple: D:4-7

Altars:

Annotations:
D:6 2 runed translucent doors


Innate Abilities, Weirdness & Mutations

You have a pair of horns on your head.
You reflexively headbutt those who attack you in melee.


Message History

The scorpion stings you!
* * * LOW HITPOINT WARNING * * *
You hit the scorpion.
The scorpion is severely wounded.
The scorpion barely misses you.
You slash the scorpion!
You kill the scorpion!
You slash the redback!
The redback is moderately wounded.
The redback closely misses you. You furiously retaliate!
You headbutt the redback. The redback bites you.
* * * LOW HITPOINT WARNING * * *
You closely miss the redback. You headbutt the redback.
The redback is heavily wounded.
The redback bites you!
* * * LOW HITPOINT WARNING * * *
You slash the redback! You drain the redback.
The redback is almost dead.
The redback barely misses you.
You slash the redback!
You kill the redback!
Your Fighting skill increases to level 7!
You feel better. The scorpion barely misses you. You furiously retaliate!
You headbutt the scorpion. You hit the scorpion but do no damage.
Your headbutt misses the scorpion.
The scorpion is moderately wounded.
You block the scorpion's attack.
You hit the scorpion but do no damage. You drain the scorpion.
Your headbutt misses the scorpion.
The scorpion is moderately wounded.
The scorpion stings you but does no damage.
You slash the scorpion!
You kill the scorpion!
The water moccasin closely misses you. You furiously retaliate!
You headbutt the water moccasin! You hit the water moccasin.
Your headbutt misses the water moccasin.
The water moccasin is heavily wounded.
The water moccasin bites you!
You die...

##..........##
##............#
##....######...#
###....##....##..#
##.....##+....s#..#
......##y#..sS.##.#
....###..##S..S.#.#
.####y..yy###S###.#
##)+.y.yyy#[$SSS@.#
.####y.yyy###'###.#
....###y.##...s.#.#
......##y#...ss##.#
.......##+.....#..#
........##....##..#
.........######...#
........(.........#
.............#...##


You could see a water moccasin, 3 killer bees and 3 adders.

Vanquished Creatures
  Pikel (D:5)
  Grinder (D:3)
  Sigmund (D:3)
  2 redbacks (D:6)
  Menkaure (D:5)
  Edmund (D:5)
  A water moccasin (D:6)
  Duvessa (D:5)
  2 ice beasts
  An orc warrior (D:5)
  2 necrophages
  2 centaurs (D:5)
  An ogre (D:5)
  2 lemures (D:5)
  3 phantoms
  Blork the orc (D:4)
  7 scorpions
  Dowan (D:5)
  A water moccasin skeleton (D:5)
  A howler monkey (D:6)
  A hound (D:4)
  2 orc priests (D:6)
  2 jellies
  3 bullfrog skeletons
  A centaur skeleton (D:6)
  Jessica (D:2)
  2 iguanas
  Terence (D:2)
  A hound zombie (D:5)
  Robin (D:2)
  3 gnolls (D:3)
  8 adders
  A shadow imp (D:5)
  A white imp (D:6)
  An ufetubus (D:6)
  2 adder skeletons (D:4)
  A worm (D:2)
  2 dart slugs
  16 orcs
  6 endoplasms
  2 giant cockroaches
  14 goblins
  10 hobgoblins
  5 jackals
  6 kobolds
  2 quokkas
  2 ball pythons
  5 bats
  A frilled lizard (D:1)
  A quokka skeleton (D:4)
  A rat (D:3)
  4 toadstools (D:1)
142 creatures vanquished.

Notes
Turn   | Place    | Note
-------+----------+-------------------------------------------
     0 | D:1      | funkygono the Minotaur Gladiator began the quest for the
                  | Orb.
     0 | D:1      | Reached XP level 1. HP: 18/18 MP: 0/0
    75 | D:1      | Found a faded altar of an unknown god.
    87 | D:1      | Got Plato's Guide on Bewitchment
   164 | D:1      | Reached skill level 4 in Long Blades
   164 | D:1      | Reached XP level 2. HP: 25/25 MP: 1/1
   691 | D:2      | Noticed Robin
   715 | D:2      | Reached XP level 3. HP: 18/30 MP: 2/2
   729 | D:2      | Killed Robin
  1003 | D:2      | Noticed Jessica
  1021 | D:2      | Killed Jessica
  1022 | D:2      | Reached skill level 5 in Long Blades
  1022 | D:2      | Reached skill level 1 in Armour
  1022 | D:2      | Reached XP level 4. HP: 11/37 MP: 3/3
  1797 | D:2      | Noticed Terence
  1800 | D:2      | Killed Terence
  1801 | D:2      | Reached XP level 5. HP: 38/44 MP: 4/4
  3176 | D:3      | Noticed Sigmund
  3187 | D:3      | Killed Sigmund
  3188 | D:3      | Reached skill level 6 in Long Blades
  3188 | D:3      | Reached XP level 6. HP: 40/51 MP: 5/5
  3283 | D:3      | Noticed Grinder
  3292 | D:3      | Killed Grinder
  3293 | D:3      | Reached skill level 7 in Long Blades
  3293 | D:3      | Reached XP level 7. HP: 41/58 MP: 6/6
  3812 | D:4      | Noticed Blork the orc
  3820 | D:4      | Killed Blork the orc
  4259 | D:4      | Reached skill level 1 in Stealth
  4453 | D:5      | Entered Level 5 of the Dungeon
  4453 | D:5      | Noticed Duvessa
  4453 | D:5      | Noticed Dowan
  4723 | D:5      | Killed Duvessa
  4728 | D:5      | Killed Dowan
  4729 | D:5      | Reached skill level 5 in Armour
  4729 | D:5      | Reached XP level 8. HP: 47/67 MP: 7/7
  4884 | D:5      | Reached skill level 8 in Long Blades
  4903 | D:5      | Reached skill level 5 in Fighting
  4936 | D:5      | Noticed Menkaure
  4948 | D:5      | Killed Menkaure
  5294 | D:5      | Noticed Edmund
  5294 | D:5      | Noticed Pikel
  5313 | D:5      | Killed Edmund
  5314 | D:5      | Reached skill level 9 in Long Blades
  5330 | D:5      | Killed Pikel
  5331 | D:5      | Reached XP level 9. HP: 30/75 MP: 8/8
  5392 | D:5      | Reached skill level 5 in Dodging
  6106 | D:5      | Reached skill level 1 in Shields
  6306 | D:6      | Reached skill level 10 in Long Blades
  6702 | D:6      | Found the +9 staff of Olgreb {rPois∞}
  7048 | D:6      | Found a runed translucent gate.
  7048 | D:6      | Found a runed translucent gate.
  7049 | D:6      | Found a runed translucent door.
  7060 | D:6      | Found a runed translucent gate.
  7069 | D:6      | Found a runed translucent door.
  7230 | D:6      | HP: 2/78 [redback (11)]
  7237 | D:6      | Slain by a water moccasin

Illustrated notes

Levels and vault maps discovered:
D:1:      ldierk_water_garden, layout_rooms,
          shapermc_ecumenical_altar_rom_forum, chequers_serial_rivers_room_b,
          minmay_misc_feat_four_crosses
D:2:      layout_basic, uniq_jessica, uniq_terence, uniq_robin
D:3:      layout_basic, uniq_sigmund, uniq_grinder
D:4:      layout_cave_pools, amethyst_killhole, uniq_blork_the_orc
D:5:      layout_loops_ring, uniq_edmund, uniq_pikel, uniq_menkaure,
          uniq_duvessa
D:6:      layout_basic, kennysheep_crisscross,
          minmay_guarded_unrand_staff_of_olgreb

Skill      XL: |  1  2  3  4  5  6  7  8  9 |
---------------+----------------------------+-----
Long Blades    | 4 5 6 7 9 10 | 10.8
Armour         | 1 2 3 4 5 6 8 |  8.2
Fighting       | 3 4 6 7 |  7.0
Dodging        | 4 5 |  5.5
Throwing       | 3 4 |  4.8
Stealth        | 1 |  1.7
Shields        | 2 |  2.7
Evocations     | |  0.2

Action                   |  1- 3 |  4- 6 |  7- 9 || total
-------------------------+-------+-------+-------++-------
Melee: Long sword        |    63 |    79 |   239 ||   381
       Headbutt          |    11 |    15 |    57 ||    83
       Punch             |       |     4 |       ||     4
Throw: Throwing net      |     4 |       |       ||     4
       Stone             |     3 |    12 |    37 ||    52
       Dart              |       |       |    20 ||    20
Evoke: Wand              |       |       |     2 ||     2
  Use: Scroll            |       |     7 |     4 ||    11
       Potion            |       |       |     2 ||     2
 Stab: Paralysed         |       |       |     2 ||     2
Armor: Leather armour    |    11 |     4 |       ||    15
       Ring mail         |       |    11 |    16 ||    27
       Scale mail        |       |       |    49 ||    49
Dodge: Dodged            |    28 |    55 |   152 ||   235
Block: Buckler           |       |       |    20 ||    20
